 Dungeon Crawl Stone Soup version 0.29.1-15-g9cfb28693d (webtiles) character file.

Game seed: 5888837526811559025

139458 croobank the Grand Scion (level 16, 0/112 HPs)
             Began as a Demonspawn Fire Elementalist on Apr 5, 2023.
             Was a High Priest of Hepliaklqana.
             Slain by an orc warlord
             ... wielding a +3 dire flail
              (16 damage)
             ... on level 2 of the Orcish Mines.
             The game lasted 01:51:36 (26508 turns).

croobank the Grand Scion (DsFE)                    Turns: 26508, Time: 01:51:36

Health: 0/112      AC: 20    Str: 22    XL:     16   Next: 73%
Magic:  29/29      EV: 18    Int: 25    God:    Hepliaklqana [*****.]
Gold:   1077       SH:  0    Dex: 21    Spells: 24/33 levels left

rFire   + + +      SeeInvis .   T - +8 war axe "Xaroutto" {spect, rPois rF+}
rCold   . . .      Faith    .   (no shield)
rNeg    . . .      Spirit   .   K - +0 chain mail of Hide-and-Seek {Rampage rF+ Dex+7}
rPois   +          Reflect  .   L - +2 hat
rElec   .          Harm     .   r - +2 cloak {rPois}
rCorr   .          Rampage  +   (gloves unavailable)
Will    +....                   (no boots)
Stlth   ++........              (no amulet)
HPRegen 0.28/turn               O - +6 ring of strength
MPRegen 0.21/turn               B - ring of Gapicad {rPois Str+6 Int+2 Slay+3}

@: mighty, agile
A: reduced essence, molten scales 3, powered by death 2, powered by pain 2,
demonic touch 3
a: Renounce Religion, Recall Ancestor, Ancestor Identity, Transference, Idealise


You were on level 2 of the Orcish Mines.
You worshipped Hepliaklqana.
Hepliaklqana was extremely pleased with you.
You visited 3 branches of the dungeon, and saw 20 of its levels.

You collected 1923 gold pieces.
You spent 846 gold pieces at shops.

Inventory:

Hand Weapons
 a - a +3 dagger of venom
 h - the +7 quarterstaff of Plague {drain, rPois Str+4}
   (You found it on level 4 of the Lair of Beasts)

   A truly terrible weapon, it drains the life of any living foe it strikes.
   Str:       It affects your strength (+4).
   rPois:     It protects you from poison.
 y - a +2 trident of flaming
 E - a +1 whip of venom
 M - a +5 scythe of protection
 Q - a +3 halberd
 S - a +4 hand axe of freezing
 T - the +8 war axe "Xaroutto" (weapon) {spect, rPois rF+}
   (You found it on level 10 of the Dungeon)

   When its wielder attacks, the weapon's spirit leaps out and strikes again.
   The spirit shares a part of any damage it takes with its wielder.
   rF:        It protects you from fire.
   rPois:     It protects you from poison.
 U - a +5 scimitar of flaming
Armour
 k - a +3 troll leather armour
 r - a +2 cloak of poison resistance (worn)
 F - +0 steam dragon scales
 K - the +0 chain mail of Hide-and-Seek (worn) {Rampage rF+ Dex+7}
   (You found it on level 5 of the Dungeon)

   Dex:       It affects your dexterity (+7).
   rF:        It protects you from fire.
   Rampage:   It bestows one free step when moving towards enemies.
 L - a +2 hat (worn)
Magical Staves
 e - a staff of cold
 u - a staff of fire
Jewellery
 g - a ring of resist corrosion
 B - the ring of Gapicad (right hand) {rPois Str+6 Int+2 Slay+3}
   (You found it on level 5 of the Dungeon)

   [ring of strength]

   Str:       It affects your strength (+6).
   Int:       It affects your intelligence (+2).
   Slay:      It affects your accuracy & damage with ranged weapons and melee
   (+3).
   rPois:     It protects you from poison.
 C - a ring of wizardry
 N - a +6 ring of dexterity
 O - a +6 ring of strength (left hand)
 P - a ring of poison resistance
Wands
 c - a wand of flame (46)
 l - a wand of mindburst (4)
 v - a wand of iceblast (4)
 A - a wand of paralysis (3)
 W - a wand of quicksilver (15)
Scrolls
 b - 2 scrolls of magic mapping
 f - 12 scrolls of teleportation
 i - 4 scrolls of amnesia
 q - 2 scrolls of poison
 t - a scroll of blinking
 w - 3 scrolls of identify
 D - 5 scrolls of fog
 H - a scroll of acquirement
 I - 2 scrolls of fear
 J - a scroll of brand weapon
Potions
 d - 13 potions of curing
 j - 2 potions of brilliance
 m - a potion of haste
 n - 4 potions of attraction
 o - 2 potions of flight
 p - 2 potions of lignification
 s - a potion of magic
 z - 4 potions of mutation
 G - 2 potions of invisibility
 R - a potion of berserk rage
 X - 6 potions of might
 Y - 3 potions of heal wounds
 Z - a potion of resistance


   Skills:
 - Level 11.1 Fighting
 - Level 7.5 Axes
 - Level 7.3 Armour
 - Level 8.9 Dodging
 - Level 9.9 Stealth
 - Level 9.0 Spellcasting
 - Level 9.5 Conjurations
 + Level 5.0 Translocations
 - Level 9.1 Fire Magic
 - Level 11.3 Invocations


You had 24 spell levels left.
You knew the following spells:

 Your Spells              Type           Power      Damage    Failure   Level
a - Foxfire               Conj/Fire      100%       2x1d9     1%          1
b - Scorch                Fire           100%       2d10      1%          2
c - Blink                 Tloc           72%        N/A       8%          2
d - Flame Wave            Conj/Fire      55%        2d13      9%          4

Your spell library contained the following spells:

 Spells                   Type           Power      Damage    Failure   Level
 Magic Dart               Conj           100%       1d8       1%          1
 Searing Ray              Conj           100%       2d8       1%          2
 Conjure Flame            Conj/Fire      55%        6-21      2%          3
 Apportation              Tloc           72%        N/A       4%          1
 Sticky Flame             Conj/Fire      55%        2d7       9%          4
 Lesser Beckoning         Tloc           36%        N/A       14%         3
 Dazzling Flash           Conj/Hex       70%        N/A       16%         3
 Inner Flame              Hex/Fire       34%        N/A       19%         3
 Iskenderun's Mystic Bla  Conj/Tloc      47%        2d10      19%         4
 Fireball                 Conj/Fire      27%        3d12      24%         5
 Ignite Poison            Fire/Tmut/Pois 26%        N/A       32%         3
 Beastly Appendage        Tmut           22%        N/A       36%         1
 Necrotise                Necr           44%        1d6       36%         1
 Slow                     Hex            44%        N/A       36%         1
 Summon Small Mammal      Summ           44%        N/A       36%         1
 Fulminant Prism          Conj/Hex       17%        3d11      47%         4
 Poisonous Vapours        Pois/Air       22%        N/A       50%         2
 Wereblood                Tmut           11%        N/A       50%         2
 Confusing Touch          Hex            11%        N/A       75%         3
 Frozen Ramparts          Ice            22%        1d4       75%         3
 Spider Form              Tmut/Pois      11%        N/A       75%         3
 Vampiric Draining        Necr           11%        2d6       75%         3
 Starburst                Conj/Fire      27%        6d9       78%         6
 Manifold Assault         Tloc           36%        N/A       80%         5
 Corpse Rot               Necr/Pois/Air  11%        N/A       98%         4
 Ice Form                 Ice/Tmut       11%        N/A       98%         4
 Summon Ice Beast         Ice/Summ       11%        N/A       98%         4
 Alistair's Intoxication  Tmut/Pois      7%         N/A       100%        5
 Borgnjor's Vile Clutch   Necr/Erth      5%         N/A       100%        5
 Eringya's Noxious Bog    Tmut/Pois      5%         N/A       100%        6
 Ignition                 Fire           27%        3d9       100%        8


Dungeon Overview and Level Annotations

Branches:
Dungeon (13/15)            Temple (0/1) D:7            Lair (5/5) D:10
 Shoals (0/4) Lair:3        Snake (0/4) Lair:3        Slime (0/5) Lair:4
    Orc (2/2) D:10
    Elf: Orc:2       Vaults: D:13-14

Altars:
Ashenzari
Cheibriados
Dithmenos
Fedhas
Gozag
Hepliaklqana
Kikubaaqudgha
Makhleb
Okawaru
Qazlal
Sif Muna
Jiyva

Shops:
D:11 ?*   Orc:2 [:[*

Annotations:
Lair:4 3 runed translucent doors, SpyderV's ghost, journeyman MiFi


Innate Abilities, Weirdness & Mutations

Your life essence is reduced to manifest your ancestor. (-10% HP)
You are completely covered in molten scales. (AC +4, rF+)
You regenerate health from kills.
You sometimes gain power by taking damage.
Your touch may irresistibly damage your foes and sap their willpower.


Message History

The stone arrow hits the orc warlord!
The orc knight completely misses your +8 war axe "Xaroutto" {spect, rPois rF+}.
You completely miss the orc warlord. You punch the orc warlord.
The orc warlord is lightly wounded.
Your +8 war axe "Xaroutto" {spect, rPois rF+} hits the orc warlord!
Your +8 war axe "Xaroutto" {spect, rPois rF+} hits the orc knight.
Namzu hits the orc warlord with a +0 quarterstaff.
The orc knight hits your +8 war axe "Xaroutto" {spect, rPois rF+} with a +0 long sword.
Your spectral weapon shares its damage with you!
The orc warlord hits you with a +3 dire flail!
You slash the orc warlord!
You touch the orc warlord!
You sap its willpower!
The orc warlord is heavily wounded.
Your +8 war axe "Xaroutto" {spect, rPois rF+} hits the orc warlord!
Your +8 war axe "Xaroutto" {spect, rPois rF+} closely misses the orc knight.
Namzu hits the orc warlord with a +0 quarterstaff.
The orc knight hits your +8 war axe "Xaroutto" {spect, rPois rF+} with a +0 long sword!!!
Your spectral weapon shares its damage with you!
Your +8 war axe "Xaroutto" {spect, rPois rF+} fades away.
You focus on the pain.
You feel more agile all of a sudden.
The orc warlord hits Namzu with a +3 dire flail!
You hit the orc warlord.
You touch the orc warlord!
You sap its willpower!
The orc warlord is severely wounded.
Your +8 war axe "Xaroutto" {spect, rPois rF+} barely misses the orc warlord.
Your +8 war axe "Xaroutto" {spect, rPois rF+} hits the orc knight but does no damage.
Namzu hits the orc warlord with a +0 quarterstaff.
The orc warlord hits you with a +3 dire flail!
The orc knight completely misses your +8 war axe "Xaroutto" {spect, rPois rF+}.
You closely miss the orc warlord.
The orc warlord is severely wounded.
Your +8 war axe "Xaroutto" {spect, rPois rF+} barely misses the orc warlord.
Your +8 war axe "Xaroutto" {spect, rPois rF+} hits the orc knight but does no damage.
Namzu hits the orc warlord but does no damage.
The orc knight roars a battlecry!
The orc warlord goes into a battle-frenzy!
The orc warlord hits you with a +3 dire flail!!!
* * * LOW HITPOINT WARNING * * *
The orc warlord attacks as you move away!
The orc warlord hits you with a +3 dire flail!
You die...

....o............#
########........## #
##.......## ..#
##....<[### ...#
#......[..##
....##.......[[.#
................###
.............[o(#.#
........###....o@.##
........# ###...R..#
........###.#.....##
.........##.......#
......#...#.....###
....###........##
..### #.......## .##
#.......# [#
##.<..###


You could see the friendly Namzu the battlemage, an orc warlord (strong,
weak-willed, ally target), an orc knight (strong) and a friendly +8 war axe
"Xaroutto" {spect, rPois rF+} (summoned).

Vanquished Creatures
  Gastronok (D:8)
  An orc warlord (Orc:1)
  Azrael (D:12)
  A hydra (Lair:2)
  Erica (D:8)
  An ogre mage (D:10)
  3 two-headed ogres
  A catoblepas (Lair:3)
  A merfolk avatar (Lair:5)
  A death knight (D:10)
  13 death yaks
  A skeletal warrior (D:10)
  A sea snake (Lair:5)
  An orc knight (Orc:1)
  2 manticores (Lair:5)
  2 cyclopes (D:10)
  An ugly thing (D:10)
  2 orc sorcerers (Orc:2)
  3 black mambas
  An elephant (Lair:5)
  A black mamba (shapeshifter) (D:10)
  A gargoyle (D:11)
  5 cane toads
  2 kobold demonologists (D:11)
  Maggie (D:9)
  5 komodo dragons
  3 unseen horrors
  5 rime drakes (Lair:5)
  7 trolls
  Prince Ribbit (D:8)
  A wind drake (Lair:5)
  A polar bear (Lair:2)
  2 hornets (D:9)
  7 dream sheep
  Grinder (D:4)
  16 blink frogs
  A centaur simulacrum (D:10)
  A snapping turtle (Lair:5)
  A spriggan (shapeshifter) (D:10)
  Sigmund (D:2)
  3 wyverns
  Eustachio (D:5)
  27 yaks
  2 basilisks
  A steam dragon (Lair:5)
  3 fire elementals (D:12)
  5 vampire mosquitoes (D:11)
  3 wargs (Orc:1)
  11 water moccasins
  3 hell hounds (D:12)
  2 acid dragons
  A hornet zombie (D:7)
  3 black bears
  20 orc warriors
  3 ice beasts
  An ogre (D:5)
  17 wolves
  4 centaurs
  5 phantoms
  5 kobold brigands
  13 bullfrogs
  4 necrophages
  4 scorpions
  A gnoll sergeant (D:6)
  21 wights
  5 howler monkeys
  2 centaur zombies (D:7)
  2 jellies
  Crazy Yiuf (D:2)
  4 hounds
  9 orc priests
  2 gnoll boudas
  10 iguanas
  11 orc wizards
  3 killer bee zombies (D:7)
  A howler monkey zombie (D:7)
  Robin (D:4)
  10 gnolls
  10 adders
  A shadow imp (D:7)
  A white imp (D:5)
  An ufetubus (D:5)
  2 worms
  63 orcs
  2 endoplasms (D:2)
  15 goblins
  11 hobgoblins
  6 jackals
  4 quokkas
  7 ball pythons
  8 bats
  5 frilled lizards
  14 kobolds
  4 rats
480 creatures vanquished.

Vanquished Creatures (collateral kills)
  A hydra (Lair:1)
  A two-headed ogre (D:11)
  A death yak (Lair:5)
  An orc high priest (Orc:2)
  2 orc knights (Orc:2)
  An orc sorcerer (Orc:1)
  A deep elf pyromancer (D:10)
  A cyclops (D:12)
  An oklob plant (Lair:2)
  2 elephants (Lair:5)
  A manticore (D:12)
  3 black mambas
  3 cane toads
  2 rime drakes
  4 komodo dragons
  2 trolls
  2 polar bears
  2 hornets
  3 blink frogs
  A snapping turtle (Lair:5)
  10 dream sheep
  3 wraiths
  2 wyverns
  11 yaks
  A vampire (D:12)
  2 vampire mosquitoes (D:11)
  A warg (Orc:1)
  2 nagas (Lair:3)
  7 water moccasins
  A hornet zombie (D:7)
  7 orc warriors
  An ogre (Orc:2)
  11 wolves
  2 kobold brigands
  3 bullfrogs
  3 wights (D:7)
  A howler monkey (D:9)
  2 hounds (D:6)
  A jelly (D:6)
  4 orc priests
  8 orc wizards
  A howler monkey zombie (D:7)
  A white imp (D:8)
  9 orcs
  2 kobolds
  15 foxfires
146 creatures vanquished.

Vanquished Creatures (others)
  20 battlemagi
  10 ancestors
  1018 foxfires
  35 fungi
  48 plants
  7 withered plants (D:7)
1138 creatures vanquished.

Grand Total: 1764 creatures vanquished

Notes
Turn   | Place    | Note
-------+----------+-------------------------------------------
     0 | D:1      | croobank the Demonspawn Fire Elementalist began the quest
                  | for the Orb.
     0 | D:1      | Reached XP level 1. HP: 13/13 MP: 3/3
   506 | D:1      | Gained mutation: You are partially covered in molten
                  | scales. (AC +2) [demonic ancestry]
   506 | D:1      | Reached XP level 2. HP: 19/19 MP: 0/5
   509 | D:1      | Learned a level 2 spell: Scorch
   814 | D:1      | Found a faded altar of an unknown god.
  1213 | D:2      | Gained mutation: Your touch may inflict minor irresistible
                  | damage on your foes. [demonic ancestry]
  1213 | D:2      | Reached XP level 3. HP: 24/24 MP: 1/6
  1758 | D:2      | Found a runed translucent door.
  1758 | D:2      | Noticed Crazy Yiuf
  1761 | D:2      | Killed Crazy Yiuf
  1762 | D:2      | Gained mutation: You sometimes gain a little power by
                  | taking damage. [demonic ancestry]
  1762 | D:2      | Reached XP level 4. HP: 17/30 MP: 0/7
  2235 | D:2      | Noticed Sigmund
  2246 | D:2      | Killed Sigmund
  2247 | D:2      | Gained mutation: You regenerate a little health from kills.
                  | [demonic ancestry]
  2247 | D:2      | Reached XP level 5. HP: 27/35 MP: 5/9
  2847 | D:3      | Gained mutation: You sometimes gain power by taking damage.
                  | [demonic ancestry]
  2847 | D:3      | Reached XP level 6. HP: 42/42 MP: 1/10
  2952 | D:3      | Noticed an angel
  2953 | D:3      | Found a burning altar of Makhleb.
  2954 | D:3      | Noticed a blizzard demon
  3232 | D:3      | You fall into a shaft and drop 3 floors!
  3233 | D:6      | Noticed an ice beast
  3279 | D:6      | Reached skill level 1 in Fighting
  3377 | D:6      | Found a broken altar of Ashenzari.
  3379 | D:5      | Entered Level 5 of the Dungeon
  3471 | D:5      | Noticed an ice beast
  3474 | D:5      | Killed an ice beast
  3475 | D:5      | Reached XP level 7. HP: 43/50 MP: 8/12
  3578 | D:4      | Noticed Grinder
  3599 | D:5      | Identified the ring of Gapicad {rPois Str+6 Int+2 Slay+3}
  3744 | D:4      | Noticed Robin
  3800 | D:4      | Killed Robin
  3966 | D:3      | Found a hazy altar of Hepliaklqana.
  3999 | D:3      | Became a worshipper of Hepliaklqana the Forgotten
  4602 | D:4      | Killed Grinder
  4603 | D:4      | Reached skill level 1 in Invocations
  4603 | D:4      | Reached XP level 8. HP: 58/58 MP: 3/13
  5354 | D:5      | Identified the +0 chain mail of Hide-and-Seek {Rampage rF+
                  | Dex+7}
  5538 | D:5      | Reached * piety under Hepliaklqana
  5635 | D:5      | Noticed Eustachio
  5663 | D:5      | Killed Eustachio
  6005 | D:5      | Found a snail-covered altar of Cheibriados.
  6005 | D:5      | Found an ancient bone altar of Kikubaaqudgha.
  6010 | D:5      | Found an opulent altar of Gozag.
  6040 | D:5      | Found an iron altar of Okawaru.
  6041 | D:5      | Found a shimmering blue altar of Sif Muna.
  6043 | D:5      | Found a shadowy altar of Dithmenos.
  6048 | D:5      | Found a stormy altar of Qazlal.
  6505 | D:6      | Reached skill level 5 in Fighting
  6627 | D:7      | Learned a level 2 spell: Blink
  6632 | D:7      | Learned a level 4 spell: Flame Wave
  6638 | D:7      | Gained mutation: Your touch may inflict irresistible damage
                  | on your foes. [demonic ancestry]
  6638 | D:7      | Reached XP level 9. HP: 51/61 MP: 10/15
  6654 | D:7      | Reached skill level 5 in Stealth
  6791 | D:6      | Reached skill level 5 in Fire Magic
  7386 | D:6      | Reached skill level 5 in Conjurations
  7737 | D:6      | Noticed a two-headed ogre
  7752 | D:6      | Reached skill level 5 in Spellcasting
  7754 | D:6      | Reached skill level 5 in Dodging
  7865 | D:6      | Killed a two-headed ogre
  7866 | D:6      | Reached skill level 5 in Invocations
  7866 | D:6      | Gained mutation: Your touch may irresistibly damage your
                  | foes and sap their willpower. [demonic ancestry]
  7866 | D:6      | Reached XP level 10. HP: 69/69 MP: 3/17
  9122 | D:7      | Found a staircase to the Ecumenical Temple.
  9871 | D:8      | Noticed Gastronok
  9969 | D:8      | Killed Gastronok
 10391 | D:8      | Gained mutation: You are mostly covered in molten scales.
                  | (AC +3) [demonic ancestry]
 10391 | D:8      | Reached XP level 11. HP: 73/73 MP: 13/20
 10391 | D:8      | Noticed Erica
 10404 | D:8      | Killed Erica
 10485 | D:8      | Noticed Prince Ribbit
 10491 | D:8      | Killed Prince Ribbit
 10690 | D:8      | HP: 2/78 [yak (4)]
 11883 | D:9      | Reached ** piety under Hepliaklqana
 11884 | D:9      | Remembered your ancestor Namzu as a battlemage
 12528 | D:9      | Noticed Maggie
 12534 | D:9      | Killed Maggie
 12974 | D:10     | Entered Level 10 of the Dungeon
 13153 | D:10     | Found a staircase to the Orcish Mines.
 13239 | D:10     | Noticed a two-headed ogre
 13337 | D:10     | Identified the +8 war axe "Xaroutto" {spect, rPois rF+}
 13365 | D:10     | Noticed a deep elf pyromancer
 13365 | D:10     | Noticed an ogre mage
 13365 | D:10     | Noticed a death knight
 13365 | D:10     | Noticed an ogre mage
 13365 | D:10     | Noticed a skeletal warrior
 13367 | D:10     | Killed a two-headed ogre
 13378 | D:10     | Killed a skeletal warrior
 13393 | D:10     | Killed an ogre mage
 13418 | D:11     | Found Cecvire's Magic Scroll Boutique.
 13828 | D:10     | Noticed a green ugly thing
 13830 | D:10     | HP: 1/80 [death knight/+0 halberd (24)]
 14203 | D:11     | Noticed a two-headed ogre
 14211 | D:11     | Killed a two-headed ogre
 14212 | D:11     | Reached XP level 12. HP: 85/85 MP: 13/22
 14766 | D:10     | Found a staircase to the Lair.
 15017 | Lair:1   | Entered Level 1 of the Lair of Beasts
 15182 | Lair:1   | Reached *** piety under Hepliaklqana
 15240 | Lair:1   | Noticed a five-headed hydra
 15245 | Lair:1   | Killed a five-headed hydra
 15825 | Lair:2   | Reached skill level 1 in Translocations
 15857 | Lair:2   | Identified a scroll of acquirement
 16054 | Lair:2   | Found a blossoming altar of Fedhas.
 16121 | Lair:2   | Reached **** piety under Hepliaklqana
 16191 | Lair:2   | Noticed a five-headed hydra
 16198 | Lair:2   | Killed a five-headed hydra
 17044 | Lair:3   | Reached skill level 10 in Fighting
 17165 | Lair:3   | Found a staircase to the Snake Pit.
 17229 | Lair:3   | Gained mutation: You are completely covered in molten
                  | scales. (AC +4, rF+) [demonic ancestry]
 17229 | Lair:3   | Reached XP level 13. HP: 82/92 MP: 14/24
 17597 | Lair:3   | Found a staircase to the Shoals.
 18186 | Lair:4   | Reached ***** piety under Hepliaklqana
 18455 | Lair:4   | Reached skill level 10 in Invocations
 18655 | Lair:4   | Identified the +7 quarterstaff of Plague {drain, rPois
                  | Str+4}
 18872 | Lair:4   | Found a runed translucent gate.
 18875 | Lair:4   | Found a runed translucent gate.
 19132 | Lair:5   | Entered Level 5 of the Lair of Beasts
 19395 | Lair:4   | Found a staircase to the Slime Pits.
 19396 | Lair:4   | Found a viscous altar of Jiyva.
 19568 | Lair:4   | Found a runed translucent gate.
 19568 | Lair:4   | Noticed SpyderV's ghost (journeyman MiFi)
 20161 | Lair:5   | Gained mutation: You regenerate health from kills. [demonic
                  | ancestry]
 20161 | Lair:5   | Reached XP level 14. HP: 99/99 MP: 20/26
 20692 | Lair:5   | Identified the +7 trident "Dragonbane" {vamp, Dex+3}
 22131 | D:11     | Reached skill level 5 in Translocations
 22276 | D:11     | Found Guimek's Assorted Antiques.
 22281 | D:11     | Bought a murky dark potion for 25 gold pieces
 22281 | D:11     | Bought 2 glowing black potions for 50 gold pieces
 22282 | D:11     | Reached skill level 5 in Axes
 22282 | D:11     | Reached XP level 15. HP: 106/106 MP: 28/28
 22283 | D:11     | Reached skill level 5 in Armour
 22283 | D:11     | Reached XP level 16. HP: 112/112 MP: 29/29
 23345 | D:12     | Noticed Azrael
 23359 | D:12     | Killed Azrael
 24505 | Orc:1    | Entered Level 1 of the Orcish Mines
 25227 | Orc:2    | Entered Level 2 of the Orcish Mines
 25333 | Orc:2    | Paralysed by an orc sorcerer for 4 turns
 25337 | Orc:2    | Found Suykk's Antique Armour Shoppe.
 25339 | Orc:2    | HP: 3/108 [orc knight/+0 war axe (14)]
 25851 | D:11     | Bought a scroll of vulnerability for 68 gold pieces
 25851 | D:11     | Bought a scroll of magic mapping for 127 gold pieces
 26202 | Orc:2    | Found Wailucwu's General Store.
 26315 | Orc:2    | Found Xizurr's Book Shoppe.
 26328 | Orc:2    | Bought a book of Spectacle for 576 gold pieces
 26384 | Orc:2    | Found Wudumm's Antique Armour Emporium.
 26508 | Orc:2    | Slain by an orc warlord

Illustrated notes

Levels and vault maps discovered:
D:1:      dpeg_arrival_shelter, layout_basic,
          shapermc_ecumenical_altar_flowoftime
D:2:      layout_basic, kennysheep_generic_room_5, uniq_crazy_yiuf_cottage,
          uniq_sigmund
D:3:      layout_rooms, grunt_temple_overflow_order_and_chaos_2,
          lemuel_tele_altar, minivault_27, guppyfry_early_orc_mine
D:4:      layout_basic, uniq_grinder, uniq_robin
D:5:      layout_loops_cross, nicolae_overflow_hallway_of_the_gods,
          kennysheep_generic_room_11, uniq_eustachio
D:6:      minmay_chambers_of_fours, layout_loops_corners, lemuel_crystal_altar,
          kennysheep_nondescript, minmay_fractal_squares_diagonal_5
D:7:      layout_loops_ring, minmay_temple_entry_poolview, serial_undead,
          serial_undead_d, serial_undead_b, serial_undead_e, serial_undead_b,
          serial_undead_b, serial_undead_b, serial_undead_a, serial_undead_a
D:8:      layout_rooms, uniq_erica, uniq_prince_ribbit1, uniq_gastronok
D:9:      layout_basic, serial_glass, glass_columns_a, glass_columns_a,
          uniq_maggie
D:10:     layout_loops_ring, lair_entry_dummy, david_orc_2, minivault_28
D:11:     layout_basic, serial_shops, nicolae_stop_n_shop_1,
          nicolae_shop_crystal
D:12:     layout_stronghold, uniq_azrael
D:13:     layout_rooms, st_stairs_3, minmay_misc_feat_encased, uniq_lodul
Lair:1:   layout_long_grid, chequers_serial_rivers_micro_e,
          nicolae_quartered_pool_impasse, minmay_hedge_maze, grunt_megastairs_4
Lair:2:   layout_layer_cave, lemuel_oklob_altar
Lair:3:   layout_gridlike, shoals_dummy_entry,
          minmay_snake_entry_guardpost_small
Lair:4:   layout_layer_cave, slime_entry_1, ebering_ghost_rock_garden
Lair:5:   gammafunk_lair_ancient_temple, layout_cave_pods,
          chequers_serial_rivers_room_b
Orc:1:    layout_caves
Orc:2:    grunt_orc_gardens, layout_diamond_mine, grunt_orc_garden,
          grunt_orc_garden, grunt_orc_garden, grunt_orc_garden, special_room,
          serial_shops, shop

Skill      XL: |  1  2  3  4  5  6  7  8  9 10 11 12 13 14 15 16 |
---------------+-------------------------------------------------+-----
Stealth        | 2 3 4 5 6 7 8 9 |  9.9
Dodging        | 2 3 4 5 6 7 8 |  8.9
Fire Magic     | 3 4 5 6 7 8 9 |  9.1
Conjurations   | 2 3 4 5 6 7 8 9 |  9.5
Spellcasting   | 3 4 5 6 7 8 9 |  9.0
Fighting       | 2 3 5 6 8 9 10 11 | 11.1
Invocations    | 1 3 5 6 8 9 10 11 | 11.3
Translocations | 2 4 5 |  5.0
Axes           | 5 7 |  7.5
Armour         | 5 7 |  7.3

Action                   |  1- 3 |  4- 6 |  7- 9 | 10-12 | 13-15 | 16-18 || total
-------------------------+-------+-------+-------+-------+-------+-------++-------
Melee: Long sword        |     9 |     7 |       |       |       |       ||    16
       Touch             |       |     7 |    25 |    17 |    20 |    24 ||    93
       Dagger            |       |    19 |   127 |     4 |       |       ||   150
       Punch             |       |       |     2 |     1 |     1 |     4 ||     8
       Halberd           |       |       |     4 |   106 |       |       ||   110
       Scimitar          |       |       |       |    37 |       |       ||    37
       War axe           |       |       |       |    31 |   112 |    84 ||   227
 Cast: Foxfire           |    35 |    39 |    64 |   156 |   188 |   122 ||   604
       Scorch            |     7 |    27 |   109 |   189 |    76 |    54 ||   462
       Flame Wave        |       |       |       |       |     1 |     1 ||     2
Invok: Recall Ancestor   |       |       |       |     1 |     1 |     1 ||     3
       Ancestor Life: Ba |       |       |       |     1 |       |       ||     1
       Idealise          |       |       |       |       |     1 |       ||     1
Evoke: Wand              |       |       |     1 |     6 |       |     4 ||    11
  Use: Scroll            |     5 |       |       |    29 |     5 |     4 ||    43
       Potion            |       |     2 |       |     7 |     2 |     2 ||    13
 Stab: Sleeping          |     1 |     2 |     5 |     2 |     1 |       ||    11
       Paralysed         |       |       |     3 |     1 |       |       ||     4
       Distracted        |       |       |     1 |     1 |     1 |       ||     3
       Petrified         |       |       |       |       |     2 |       ||     2
Armor: Robe              |     2 |    12 |    61 |    56 |       |       ||   131
       Steam dragon scal |       |       |       |    14 |       |       ||    14
       Troll leather arm |       |       |       |    14 |    56 |       ||    70
       Chain mail        |       |       |       |       |       |    40 ||    40
Dodge: Dodged            |     8 |    14 |   124 |   206 |    92 |    49 ||   493
